 Dungeon Crawl Stone Soup version 0.25-a0-194-gece1257 (webtiles) character file.

Game seed: 7622082481947898950, levelgen mode: deterministic

14451 CanOfBees the Carver (level 12, -1/79 HPs)
             Began as a Tengu Berserker on Dec 1, 2019.
             Was a High Priest of Trog.
             Killed from afar by a molten gargoyle (20 damage)
             ... with a bolt of magma
             ... on level 2 of the Lair of Beasts.
             The game lasted 00:22:13 (14603 turns).

CanOfBees the Carver (Tengu Berserker)             Turns: 14603, Time: 00:22:13

Health: -1/79      AC: 10    Str: 18    XL:     12   Next: 16%
Magic:  13/13      EV: 27    Int:  7    God:    Trog [*****.]
Gold:   303        SH: 11    Dex: 24    Spells: 11/11 levels left

rFire    + . .     SeeInvis .   b - +2 scimitar (freeze)
rCold    + . .     Gourm    .   h - +1 shield
rNeg     . . .     Faith    .   e - +0 ring mail
rPois    +         Spirit   .   n - +2 hat
rElec    +         Reflect  .   D - +1 cloak
rCorr    +         Harm     .   (no gloves)
MR       ++...                  (boots unavailable)
Stlth    +++.......             (no amulet)
HPRegen  1.23/turn              d - ring of stealth
MPRegen  0.13/turn              (no ring)

@: agile, resistant, flying quickly and evasively, regenerating, quick
A: beak, talons 3, able to fly
a: Stop Flying, Berserk, Trog's Hand, Brothers in Arms, Renounce Religion


You were on level 2 of the Lair of Beasts.
You worshipped Trog.
Trog was extremely pleased with you.
You were not hungry.

You visited 2 branches of the dungeon, and saw 12 of its levels.
You also visited: Ossuary and Volcano.

You collected 886 gold pieces.
You spent 583 gold pieces at shops.

Inventory:

Hand Weapons
 a - the +4 long sword of Gallantry {slice, Int+3}
   (You bought it in a shop on level 10 of the Dungeon)

   It inflicts extra damage upon your enemies.
   It affects your intelligence (+3).
 b - a +2 scimitar of freezing (weapon)
 y - a +1 dagger of electrocution
 z - a +1 rapier of draining
 M - a +0 scimitar
 O - a +2 rapier of flaming
Missiles
 f - 377 stones
 i - 19 poisoned darts
 C - 6 boomerangs (quivered)
 Q - 5 datura-tipped darts
Armour
 e - a +0 ring mail (worn)
 h - a +1 shield (worn)
 n - a +2 hat (worn)
 D - a +1 cloak (worn)
Jewellery
 d - a ring of stealth (left hand)
 o - an uncursed ring of ice
Wands
 j - a wand of paralysis (23)
 k - a wand of enslavement (16)
 q - a wand of polymorph (6)
 F - a wand of random effects (14)
Scrolls
 l - 2 scrolls of fog
 m - 2 scrolls of immolation
 r - a scroll of magic mapping
 s - a scroll of vulnerability {unknown}
 G - a scroll of random uselessness {unknown}
 I - a scroll of blinking
 K - 2 scrolls of remove curse
 N - 9 scrolls of teleportation
Potions
 p - 2 potions of lignification
 u - a potion of berserk rage
 x - 7 potions of curing
 B - 4 potions of brilliance
 H - 2 potions of haste
 J - 3 potions of magic
Comestibles
 c - 15 rations


   Skills:
 + Level 10.8 Fighting
 * Level 12.0 Long Blades
 - Level 6.0 Throwing
 - Level 4.0 Armour
 + Level 10.5 Dodging
 - Level 4.1 Shields


You had 11 spell levels left.
You didn't know any spells.
Your spell library was empty.

Dungeon Overview and Level Annotations

Branches:
Dungeon (10/15)            Temple (0/1) D:6            Lair (2/6) D:9
 Shoals (0/4) Lair:2          Orc (0/2) D:10        Ossuary (visited)
Volcano (visited)
  Snake: Lair:2-4    Spider: Lair:2-4

Altars:
Ashenzari
Gozag
Hepliaklqana
Makhleb
Trog
Vehumet
Yredelemnul

Shops:
D:5 :   D:6 !   D:10 (


Innate Abilities, Weirdness & Mutations

You have a beak for a mouth.
You have claws for feet.
You can fly continuously.


Message History

The fire bat is engulfed in noxious fumes.
The fire bat appears confused.
The steam dragon is engulfed in noxious fumes.
The steam dragon appears confused.
You block the molten gargoyle's attack.
Welcome back to the Lair of Beasts!
There is a collapsed entrance here.
You hit the molten gargoyle but do no damage.
Your peck misses the molten gargoyle.
The molten gargoyle is heavily damaged.
The molten gargoyle blasts magma at you!
The bolt of magma misses you.
You hit the molten gargoyle but do no damage.
Your peck misses the molten gargoyle.
The molten gargoyle is heavily damaged.
You hit the molten gargoyle but do no damage.
You claw the molten gargoyle. You peck the molten gargoyle.
The molten gargoyle is severely damaged.
The molten gargoyle blasts magma at you!
The bolt of magma hits you!! You partially resist.
You die...

***,**,****,,..#..,,,*
**,,***** *#..........
*,,,##### *P..........
*,**#§§§# *#..........
##,* #≈§≈#####..........
#..###§§≈≈##............
*#..............###.....
#..............#.......
#####9@####...÷........
#### #...÷#P......
*#....##.<....
*#.....##......
#..#.#.##......
#####...#......
*#####..... #.....
##.#P#


You could see a molten gargoyle.

Vanquished Creatures
  A hydra (Lair:1)
  A black mamba (Lair:1)
  Psyche (D:9)
  5 spiny frogs
  A rime drake (Lair:1)
  2 komodo dragons
  A polar bear (Lair:1)
  A troll (D:9)
  A hornet (D:7)
  2 hippogriffs (D:10)
  2 wyverns (D:9)
  8 spriggans (Lair:1)
  8 yaks
  6 fire bats (Volcano)
  A hungry ghost (D:5)
  2 hell hounds (Volcano)
  3 water moccasins
  2 porcupines (Lair:1)
  An ice beast (D:5)
  2 sky beasts (D:7)
  A black bear (D:9)
  6 orc warriors
  An eye of draining (D:10)
  A necrophage (D:10)
  A phantom (D:4)
  6 wolves (Lair:2)
  2 centaurs
  6 ogres
  6 crocodiles (Lair:1)
  A big kobold (D:6)
  An elf zombie (Ossuary)
  7 bullfrogs
  4 killer bees (D:9)
  A scorpion (D:5)
  3 howler monkeys
  8 lava snakes (Volcano)
  3 centaur zombies (Ossuary)
  2 crimson imps
  A human zombie (Ossuary)
  2 jellies
  10 orc priests
  6 orc wizards
  2 quasits
  A bullfrog skeleton (D:5)
  2 gnoll shamans
  2 centaur skeletons
  4 iguanas
  6 worker ants
  A big kobold zombie (Ossuary)
  2 mummies (Ossuary)
  A worker ant zombie (D:8)
  A howler monkey zombie (D:7)
  8 gnolls
  A howler monkey skeleton (D:5)
  12 adders
  2 shadow imps (D:5)
  An ooze (D:5)
  An adder zombie (Ossuary)
  2 adder skeletons
  2 worms
  2 dart slugs
  4 leopard geckos
  37 orcs
  9 giant cockroaches
  A goblin (D:3)
  7 hobgoblins
  5 jackals
  11 kobolds
  5 quokkas
  A ball python (D:7)
  7 bats
  5 frilled lizards
  12 hobgoblin zombies (Ossuary)
  A jackal skeleton (D:6)
  A jackal zombie (Ossuary)
  8 kobold zombies (Ossuary)
  8 orc zombies (Ossuary)
  A quokka skeleton (D:4)
  A quokka zombie (D:5)
  3 rats
  A rat zombie (Ossuary)
311 creatures vanquished.

Vanquished Creatures (others)
  3 plants (D:9)
3 creatures vanquished.

Grand Total: 314 creatures vanquished

Notes
Turn   | Place    | Note
-------+----------+-------------------------------------------
     0 | D:1      | CanOfBees the Tengu Berserker began the quest for the Orb.
     0 | D:1      | Reached XP level 1. HP: 14/14 MP: 2/2
   157 | D:1      | Reached XP level 2. HP: 19/19 MP: 3/3
   691 | D:1      | Reached XP level 3. HP: 15/23 MP: 4/4
  1434 | D:2      | Reached XP level 4. HP: 21/28 MP: 5/5
  1670 | D:2      | Reached ** piety under Trog
  1976 | D:3      | Reached skill level 4 in Long Blades
  2029 | D:3      | Gained mutation: You can fly continuously. [Tengu growth]
  2029 | D:3      | Reached XP level 5. HP: 26/33 MP: 6/6
  2183 | D:3      | Found a basalt altar of Yredelemnul.
  2766 | D:4      | Noticed a phantom
  2807 | D:4      | Killed a phantom
  2807 | D:4      | Reached XP level 6. HP: 28/38 MP: 7/7
  3173 | D:4      | Reached skill level 5 in Long Blades
  3640 | D:4      | Reached XP level 7. HP: 40/44 MP: 8/8
  3914 | D:5      | Entered Level 5 of the Dungeon
  4159 | D:5      | Reached skill level 5 in Fighting
  4360 | D:5      | Reached skill level 5 in Dodging
  4440 | D:5      | Found an opulent altar of Gozag.
  4695 | D:5      | Noticed a hungry ghost
  4725 | D:5      | Killed a hungry ghost
  4725 | D:5      | Reached skill level 6 in Long Blades
  4725 | D:5      | Reached XP level 8. HP: 45/51 MP: 9/9
  4757 | D:5      | Found Gydibb's Book Boutique.
  5101 | D:5      | Found a burning altar of Makhleb.
  6035 | D:6      | Found Zucadiang's Distillery.
  6047 | D:6      | Bought a potion of heal wounds for 55 gold pieces
  6047 | D:6      | Bought a potion of degeneration for 11 gold pieces
  6075 | D:6      | Reached skill level 7 in Long Blades
  6111 | D:6      | Found a staircase to the Ecumenical Temple.
  6291 | D:6      | Found an opulent altar of Gozag.
  6477 | D:6      | Found a sand-covered staircase.
  6482 | Ossuary  | Entered an ossuary
  6492 | Ossuary  | Reached *** piety under Trog
  6605 | Ossuary  | Reached XP level 9. HP: 45/56 MP: 10/10
  7061 | D:6      | Reached **** piety under Trog
  7714 | D:7      | Reached skill level 8 in Long Blades
  7995 | D:7      | Reached skill level 1 in Throwing
  8577 | D:7      | Noticed a hornet
  8583 | D:7      | Killed a hornet
  9254 | D:8      | Found a shattered altar of Ashenzari.
  9439 | D:9      | Reached XP level 10. HP: 59/64 MP: 11/11
  9723 | D:9      | Noticed Psyche
  9735 | D:9      | Killed Psyche
  9735 | D:9      | Reached skill level 9 in Long Blades
  9859 | D:9      | Found a shattered altar of Ashenzari.
 10054 | D:9      | Received a gift from Trog
 10390 | D:9      | Found a staircase to the Lair.
 10470 | D:9      | Found a bloodstained altar of Trog.
 10473 | D:9      | Found a radiant altar of Vehumet.
 10475 | D:9      | Found a hazy altar of Hepliaklqana.
 10716 | D:10     | Entered Level 10 of the Dungeon
 10747 | D:10     | Reached skill level 5 in Throwing
 11268 | D:10     | Found Kynu's Antique Weapon Shoppe.
 11272 | D:10     | Bought a smoking long sword for 195 gold pieces
 11272 | D:10     | Bought a runed scimitar for 161 gold pieces
 11272 | D:10     | Bought a glowing rapier for 161 gold pieces
 11272 | D:10     | Identified the +4 long sword of Gallantry {slice, Int+3}
                  | (You bought it in a shop on level 10 of the Dungeon)
 11512 | D:10     | Reached skill level 10 in Long Blades
 11515 | D:10     | Reached XP level 11. HP: 56/71 MP: 12/12
 11541 | D:10     | Received a gift from Trog
 11689 | D:10     | Found a staircase to the Orcish Mines.
 11822 | D:10     | Reached skill level 10 in Dodging
 12013 | Lair:1   | Entered Level 1 of the Lair of Beasts
 12178 | Lair:1   | Reached skill level 1 in Shields
 12666 | Lair:1   | Reached skill level 10 in Fighting
 13189 | Lair:1   | Reached skill level 11 in Long Blades
 13844 | Lair:2   | Noticed a six-headed hydra
 13851 | Lair:1   | Killed a six-headed hydra
 13851 | Lair:1   | Reached ***** piety under Trog
 13981 | Lair:2   | Found a dark tunnel.
 14010 | Lair:2   | Reached XP level 12. HP: 24/79 MP: 13/13
 14034 | Volcano  | Entered a volcano
 14569 | Volcano  | Reached skill level 12 in Long Blades
 14585 | Volcano  | Found a bloodstained altar of Trog.
 14585 | Volcano  | Noticed a hell hog
 14603 | Lair:2   | Killed from afar by a molten gargoyle

Levels and vault maps discovered:
D:1:      co_arrival_square_in_a_square_in_a_square, layout_basic,
          minmay_statues_item
D:2:      layout_rooms, grunt_ministairs_5
D:3:      layout_loops_cross, kennysheep_flooded_box, lemuel_tele_altar
D:4:      layout_loops_corners, first_ration, nrook_loot_triangle
D:5:      layout_loops_ring, serial_shops, shop, hangedman_feature_mirror
D:6:      layout_cave_pods, grunt_gozag_breadcrumbs, temple_doors_e,
          enter_ossuary_5, serial_shops, nicolae_shop_statue_plus
D:7:      layout_cave_pods, kennysheep_generic_room_13
D:8:      layout_rooms, nicolae_overflow_hidden_temple, basic_altar
D:9:      layout_irregular_city, minitemple, evilmike_ruin_ashenzari,
          david_lair_shrubbed, uniq_psyche
D:10:     layout_basic, david_orc_4, serial_shops, shop
Lair:1:   kb_forest_paths, layout_chaotic_city, lemuel_fruit_tree,
          serial_bayou_shore_a
Lair:2:   lemuel_ratsnest, layout_gridlike, minmay_shoals_entry_lonely_mermaid,
          nicolae_volcano_entry_hallway

Skill      XL: |  1  2  3  4  5  6  7  8  9 10 11 12 |
---------------+-------------------------------------+-----
Armour         | 3 4 |  4.0
Dodging        | 3 4 5 7 8 9 10 | 10.5
Long Blades    | 4 5 6 7 8 10 11 12 | 12.0
Fighting       | 4 5 6 8 9 10 | 10.8
Throwing       | 3 5 6 |  6.0
Shields        | 4 |  4.1

Action                   |  1- 3 |  4- 6 |  7- 9 | 10-12 || total
-------------------------+-------+-------+-------+-------++-------
Melee: Falchion          |    58 |    97 |   327 |       ||   482
       Kick              |    13 |    38 |   170 |   137 ||   358
       Peck              |     5 |    25 |   121 |    78 ||   229
       Scimitar          |       |       |    86 |   223 ||   309
       Long sword        |       |       |       |   106 ||   106
       Rapier            |       |       |       |     5 ||     5
Throw: Stone             |     5 |     5 |    59 |       ||    69
       Boomerang         |       |       |       |    60 ||    60
Invok: Trog's Hand       |       |     2 |     8 |     6 ||    16
       Berserk           |       |     1 |     2 |     1 ||     4
 Abil: Fly               |       |     1 |       |       ||     1
Evoke: Wand              |       |       |     5 |     2 ||     7
  Use: Scroll            |       |     5 |     9 |     8 ||    22
       Potion            |       |       |     2 |     3 ||     5
 Stab: Sleeping          |       |     1 |     2 |     2 ||     5
       Distracted        |       |       |     2 |       ||     2
       Paralysed         |       |       |       |     4 ||     4
  Eat: Chunk             |     2 |     8 |    20 |    14 ||    44
       Ration            |       |       |     2 |     2 ||     4
Armor: Animal skin       |     6 |       |       |       ||     6
       Ring mail         |    20 |    16 |    77 |    64 ||   177
Dodge: Dodged            |    37 |    28 |   200 |   242 ||   507
Block: Shield            |    13 |    31 |   142 |   182 ||   368
       Rpst.: Falchion   |    15 |    10 |    51 |       ||    76
       Scimitar          |       |       |     9 |    44 ||    53
       Long sword        |       |       |       |    23 ||    23

Table legend:
 A = Non-vault XP
 B = Vault XP
 C = Vault XP percentage of total XP
 D = Non-vault monster count
 E = Vault monster count
 F = Vault count percentage of total count
                 A         B        C        D         E       F
            +---------+---------+-------+---------+---------+-------
      Total |   13052 |    7593 |  36.8 |     216 |      95 |  30.5
            +---------+---------+-------+---------+---------+-------
        D:1 |      41 |       0 |   0.0 |      24 |       0 |   0.0
        D:2 |      42 |      13 |  23.6 |      10 |       1 |   9.1
        D:3 |     165 |       0 |   0.0 |      14 |       0 |   0.0
        D:4 |     360 |       0 |   0.0 |      17 |       0 |   0.0
        D:5 |     842 |     316 |  27.3 |      20 |       5 |  20.0
        D:6 |     671 |       0 |   0.0 |      30 |       0 |   0.0
        D:7 |    1211 |       0 |   0.0 |      24 |       0 |   0.0
        D:8 |     574 |       0 |   0.0 |      16 |       0 |   0.0
        D:9 |    1810 |     789 |  30.4 |      28 |       2 |   6.7
       D:10 |    2161 |     663 |  23.5 |      12 |      16 |  57.1
     Lair:1 |    4071 |    3562 |  46.7 |      14 |      16 |  53.3
     Lair:2 |    1104 |       0 |   0.0 |       7 |       0 |   0.0
    Ossuary |       0 |     375 | 100.0 |       0 |      39 | 100.0
    Volcano |       0 |    1875 | 100.0 |       0 |      16 | 100.0
            +---------+---------+-------+---------+---------+-------
